 Dungeon Crawl Stone Soup version 0.19.1-1-g22dce08 (webtiles) character file.

340 LORDOFBUTT the Chopper (level 6, 0/84 HPs)
             Began as a Minotaur Berserker on Dec 30, 2016.
             Was an Elder of Trog.
             Slain by a worker ant (7 damage)
             ... on level 5 of the Dungeon.
             The game lasted 00:05:38 (3101 turns).

LORDOFBUTT the Chopper (Minotaur Berserker)         Turns: 3101, Time: 00:05:39

Health: 0/84       AC:  2    Str: 27    XL:     6   Next: 30%
Magic:  5/5        EV: 13    Int:  4    God:    Trog [****..]
Gold:   102        SH:  0    Dex: 15    Spells: 0 memorised, 5 levels left

rFire  . . .     SeeInvis +     a - +0 hand axe
rCold  . . .     Gourm    .     b - +0 animal skin
rNeg   . . .     Faith    .     (no shield)
rPois  .         Spirit   .     (helmet restricted)
rElec  .         Reflect  .     (no cloak)
rCorr  .         Harm     .     (no gloves)
MR     .....                    (no boots)
Stlth  ..........               (no amulet)
                                v - +4 ring of dexterity
                                d - ring of see invisible

@: berserking (expiring), lethally poisoned (0 -> -2), very quick
A: retaliatory headbutt, horns 2
a: Berserk, Trog's Hand, Brothers in Arms, Burn Spellbooks, Renounce Religion


You were on level 5 of the Dungeon.
You worshipped Trog.
Trog was greatly pleased with you.
You were not hungry.

You visited 1 branch of the dungeon, and saw 5 of its levels.

You collected 102 gold pieces.

Inventory:

Hand Weapons
 a - a +0 hand axe (weapon)
Missiles
 j - 5 curare-tipped needles
Armour
 b - a +0 animal skin (worn)
Jewellery
 d - a ring of see invisible (left hand)
 q - an uncursed ring of stealth
 v - a +4 ring of dexterity (right hand)
 x - an uncursed ring of positive energy
Wands
 n - a wand of random effects (24/48)
Scrolls
 h - a scroll of remove curse
 k - 2 scrolls of fog {unknown}
 l - a scroll of enchant armour {unknown}
 m - 2 scrolls of identify {unknown}
 r - a scroll of random uselessness {unknown}
 y - a scroll of teleportation {unknown}
Potions
 e - 2 potions of mutation {unknown}
 o - 2 potions of curing {unknown}
 p - a potion of lignification {unknown}
 s - a potion of invisibility {unknown}
 t - a potion of berserk rage {unknown}
 u - a potion of flight {unknown}
 w - a potion of brilliance {unknown}
Comestibles
 c - 3 bread rations
 f - 3 meat rations
 g - 2 beef jerkies
 i - 9 fruits
 z - a slice of pizza


   Skills:
 + Level 5.5 Fighting
 * Level 7.3 Axes
 - Level 2.5 Armour
 - Level 2.4 Dodging


You had 5 spell levels left.
You didn't know any spells.

Dungeon Overview and Level Annotations

Branches:
Dungeon (5/15)
 Temple: D:4-7

Altars:
Nemelex Xobeh
Trog

Shops:
D:4 =


Innate Abilities, Weirdness & Mutations

You reflexively headbutt those who attack you in melee.
You have a pair of horns on your head.


Message History

The worker ant poisons you!
A red film seems to cover your vision as you go berserk!
You feel yourself moving faster!
You feel mighty!
You feel quite a bit more hungry.
You feel sick. The ice beast hits you.
* * * LOW HITPOINT WARNING * * *
The ice beast freezes you!
* * * LOW HITPOINT WARNING * * *
The worker ant bites you.
* * * LOW HITPOINT WARNING * * *
You are too berserk!
You feel a strong urge to attack something.
You feel sick.
There is a stone staircase leading up here.
You barely miss the ice beast.
The ice beast is lightly wounded.
You hit the worker ant but do no damage.
You barely miss the ice beast.
The ice beast is lightly wounded.
You hit the worker ant. The worker ant bites you!
You die...

..
#..##+#####+###
..............#
...>..........#
..............#
..............#
.............#
# #....#
#..###..a@#
.........Y#
..........#
..........#
.####..##.# #..
#.# ... ...
.... .... .....
....


You could see an ice beast and a worker ant.

Vanquished Creatures
  3 orc wizards
  Terence (D:2)
  A hound skeleton (D:4)
  Robin (D:3)
  A gnoll (D:1)
  8 adders
  An adder skeleton (D:4)
  2 worms (D:4)
  2 dart slugs
  A leopard gecko (D:2)
  12 orcs
  3 ball pythons
  4 giant cockroaches
  9 hobgoblins
  6 jackals (D:3)
  5 kobolds
  A quokka (D:3)
  10 bats
  8 frilled lizards
  17 goblins
  10 rats
106 creatures vanquished.

Notes
Turn   | Place    | Note
-------+----------+-------------------------------------------
     0 | D:1      | LORDOFBUTT the Minotaur Berserker began the quest for the Orb.
     0 | D:1      | Reached XP level 1. HP: 19/19 MP: 0/0
   282 | D:1      | Reached skill level 4 in Axes
   282 | D:1      | Reached XP level 2. HP: 18/27 MP: 1/1
   627 | D:2      | Reached XP level 3. HP: 33/33 MP: 2/2
   699 | D:2      | Found a sparkling altar of Nemelex Xobeh.
   800 | D:2      | Reached ** piety under Trog
   844 | D:2      | Noticed Terence
   848 | D:2      | Killed Terence
   848 | D:2      | Reached skill level 5 in Axes
   917 | D:2      | Reached XP level 4. HP: 38/41 MP: 3/3
  1396 | D:3      | Reached XP level 5. HP: 47/47 MP: 4/4
  1396 | D:3      | Reached skill level 6 in Axes
  1523 | D:3      | Reached *** piety under Trog
  1524 | D:3      | Noticed Robin
  1526 | D:3      | Reached skill level 5 in Fighting
  1540 | D:3      | Killed Robin
  2270 | D:4      | Reached XP level 6. HP: 11/56 MP: 5/5
  2550 | D:4      | Reached skill level 7 in Axes
  2570 | D:4      | Found Qioseme's Jewellery Shoppe.
  2824 | D:4      | Noticed a moth of wrath
  2827 | D:4      | Found a bloodstained altar of Trog.
  2834 | D:4      | Reached **** piety under Trog
  3088 | D:5      | Entered Level 5 of the Dungeon
  3089 | D:5      | Noticed an ice beast
  3101 | D:5      | Slain by a worker ant

Skill      XL: |  1  2  3  4  5  6 |
---------------+-------------------+-----
Axes           | 4 5 6 7 |  7.3
Fighting       | 4 5 |  5.5
Armour         | |  2.5
Dodging        | |  2.4

Action                   |  1- 3 |  4- 6 || total
-------------------------+-------+-------++-------
Melee: Hand axe          |    45 |   155 ||   200
       Headbutt          |     7 |    30 ||    37
Invok: Berserk           |       |     4 ||     4
  Use: Scroll            |       |     1 ||     1
 Stab: Sleeping          |     1 |     5 ||     6
  Eat: Chunk             |       |    10 ||    10
Armor: Animal skin       |    13 |    17 ||    30
Dodge: Dodged            |    32 |    84 ||   116
